 Seeded DCSS version 0.30-a0-141-g30f2775 (webtiles) character file.

Game seed: 8568836632975474132 (custom seed)

8066 edsrzf the Severer (level 11, -2/85 HPs)
             Began as a Hill Orc Artificer on Sept 25, 2022.
             Was a High Priest of Okawaru.
             Asphyxiated
             ... on level 10 of the Dungeon.
             The game lasted 00:27:32 (11751 turns).

edsrzf the Severer (Hill Orc Artificer)            Turns: 11751, Time: 00:27:32

Health: -2/85      AC: 16    Str: 20    XL:     11   Next: 25%
Magic:  14/14      EV:  7    Int: 11    God:    Okawaru [*****.]
Gold:   529        SH:  0    Dex: 11    Spells: 10/10 levels left

rFire   . . .      SeeInvis .    b - +4 battleaxe
rCold   . . .      Faith    .    (shield currently unavailable)
rNeg    . . .      Spirit   .    u - +0 plate armour
rPois   .          Reflect  .    t - +0 helmet
rElec   .          Harm     .    h - scarf {+Inv}
rCorr   .          Rampage  .    (no gloves)
Will    .....                    (no boots)
Stlth   ..........               (no amulet)
HPRegen 0.24/turn                (no ring)
MPRegen 0.14/turn                (no ring)

@: lethally poisoned (-2 -> -12)
A: no striking features
a: Renounce Religion, Evoke Invisibility, Heroism, Finesse, Duel


You were on level 10 of the Dungeon.
You worshipped Okawaru.
Okawaru was extremely pleased with you.
You visited 1 branch of the dungeon, and saw 10 of its levels.

You collected 529 gold pieces.

Inventory:

Hand Weapons
 a - a +1 hand axe of electrocution
 b - a +4 battleaxe (weapon)
Missiles
 j - 3 javelins
 q - a throwing net {=f}
 x - 24 poisoned darts
Armour
 h - a scarf of invisibility (worn)
 t - a +0 helmet (worn)
 u - a +0 plate armour (worn)
Jewellery
 k - a ring of wizardry
 G - a ring of ice
Wands
 c - a wand of flame (15) (quivered)
 e - a wand of iceblast (7)
Scrolls
 f - a scroll of noise
 i - a scroll of identify {@r1}
 l - a scroll of enchant weapon {unknown}
 w - a scroll of silence {unknown}
 y - 2 scrolls of magic mapping {unknown}
 A - 2 scrolls of amnesia
 D - 2 scrolls of vulnerability
Potions
 d - a potion of invisibility
 g - a potion of might
 m - 4 potions of flight
 n - a potion of magic
 o - a potion of resistance
 r - 3 potions of cancellation
 E - a potion of attraction
 F - a potion of mutation {!q}
 H - 4 potions of curing


   Skills:
 - Level 4.5 Fighting
 + Level 16.8 Axes
 + Level 10.6 Armour
 - Level 0.7 Dodging
 - Level 0.7 Stealth
 - Level 4.1 Invocations
 - Level 3.0 Evocations


You had 10 spell levels left.
You didn't know any spells.
Your spell library contained the following spells:

 Spells                   Type           Power      Damage    Failure   Level
 Apportation              Tloc           0%         N/A       99%         1
 Gell's Gravitas          Tloc           0%         N/A       100%        3
 Inner Flame              Hex/Fire       0%         N/A       100%        3
 Teleport Other           Tloc           0%         N/A       100%        3
 Cause Fear               Hex            0%         N/A       100%        4
 Alistair's Intoxication  Tmut/Pois      0%         N/A       100%        5
 Dispersal                Tloc           0%         N/A       100%        6
 Discord                  Hex            0%         N/A       100%        8


Dungeon Overview and Level Annotations

Branches:
Dungeon (10/15)              Lair (0/5) D:10
 Temple: D:4-7          Orc: D:9-12

Altars:
Ashenzari
Cheibriados
Dithmenos
Elyvilon
Fedhas
Okawaru
Qazlal
Sif Muna
Trog
Wu Jian
Xom
Beogh

Shops:
D:2 (=(=   D:3 =

Annotations:
D:4 3 runed translucent doors, fred326117's ghost, amateur DrFi
D:5 Eustachio
D:6 3 runed translucent doors, Haron's ghost, novice OgNe; saneFuiy's ghost, amateur FoAK
D:9 Erolcha


Message History

The throwing net {=f} hits the skeletal warrior.
The skeletal warrior is caught in the net!
The skeletal warrior struggles against the net.
You see here a +0 dire flail.
There is an open door here.
Things that are here:
a +0 shortbow; a centaur skeleton A wolf comes into view.
The wolf howls!
You feel like a meek peon again.
Okay, then.
The troll shouts!
You hear a shout!
You completely miss the wolf. The wolf bites you!
The wolf bites you but does no damage.
You closely miss the wolf. The wolf bites you!
Okay, then.
You closely miss the wolf. The wolf bites you but does no damage.
You barely miss the wolf.
The wolf bites you but does no damage. x2
You closely miss the wolf. The wolf barely misses you.
An orc comes into view. It is wielding a +0 dagger.
Blink to where?
Press: ? - help, Dir - move target, p - skeletal warrior An orc comes into view.
It is wielding a +0 war axe.
As you read the scroll of blinking, it crumbles to dust.
The yak bellows!
You hear a shout!
The orc moves out of view.
You hear a shout! x4
Okay, then.
Okay, then.
Okay, then.
Okay, then.
Okay, then.
Unknown command.
Okay, then.
Okay, then.
Okay, then.
As you read the scroll labelled HECIZXISEU, it crumbles to dust.
You assume a fearsome visage.
The troll looks frightened!
The wolf looks frightened!
The orc looks frightened!
The yak looks frightened!
It was a scroll of fear.
An orc comes into view. It is wielding a +0 club.
The orc hits you with a +0 war axe.
* * * LOW HITPOINT WARNING * * *
An orc comes into view. It is wielding a +0 whip.
The orc shouts!
You hear a shout! x2
An orc priest comes into view. It is wielding a +0 club.
The orc priest mumbles some strange prayers to Beogh against you.
Beogh smites you!
* * * LOW HITPOINT WARNING * * *
You hear a shout!
The orc attacks as you move away! The orc hits you but does no damage.
The orc yells at you, "GO AWAY!"
A vampire mosquito comes into view.
The vampire mosquito buzzes angrily.
A vampire mosquito comes into view. x2; A wolf comes into view.
Okay, then.
As you read the scroll of fear, it crumbles to dust.
You assume a fearsome visage.
The wolf looks frightened!
The wolf howls!
The orc looks frightened! x3; The orc priest looks frightened!
The skeletal warrior is unaffected.
The vampire mosquito is unaffected. x3
The vampire mosquito buzzes angrily.
You hear an angry buzzing noise.
A vampire mosquito comes into view.
Okay, then.
Okay, then.
Unknown command.
Press: ? - help, v - describe, . - travel
Here: a vampire mosquito The floor.
Okay, then.
The orc knight shouts!
Press: ? - help, v - describe, . - travel
Here: a skeletal warrior, wielding a +5 morningstar of protection The floor.
Unknown command.
The vampire mosquito bites you.
* * * LOW HITPOINT WARNING * * *
The vampire mosquito draws strength from your injuries!
The vampire mosquito closely misses you.
The vampire mosquito attacks as you move away!
The vampire mosquito barely misses you.
The vampire mosquito bites you but does no damage.
The vampire mosquito attacks as you move away!
The vampire mosquito bites you but does no damage.
A two-headed ogre comes into view.
It is wielding a +0 giant club and a +0 giant spiked club.
The vampire mosquito barely misses you. The vampire mosquito bites you.
* * * LOW HITPOINT WARNING * * *
The vampire mosquito draws strength from your injuries!
The skeletal warrior hits you but does no damage.
The vampire mosquito bites you.
* * * LOW HITPOINT WARNING * * *
The vampire mosquito draws strength from your injuries!
The vampire mosquito bites you.
* * * LOW HITPOINT WARNING * * *
The vampire mosquito draws strength from your injuries!
The kobold brigand throws a curare-tipped dart.
The curare-tipped dart hits you.
You are lethally poisoned!
You have difficulty breathing.
You die...

#... #.... .. .... .
#####.o#y .........
.~.~....#####
~..≈~~..yo..##
~.~~~......yy###.####
≈~~~≈......zy@....O..
.~≈≈≈~~.......######.#
..≈~~~≈≈~..........
......o..........#.#
~~~~~~~≈~..........#
..≈≈≈~..........##.#
~~≈≈≈≈~~~........#.#
≈~≈~~≈≈~.K.......#
≈~..~~...........#


You could see an orc knight, a skeletal warrior, a two-headed ogre, 4 vampire
mosquitoes and a kobold brigand.

Vanquished Creatures
  A two-headed ogre (D:10)
  Erica (D:8)
  A skeletal warrior (D:10)
  Joseph (D:8)
  Maggie (D:8)
  A komodo dragon (D:8)
  A troll (D:10)
  A dream sheep (shapeshifter) (D:8)
  A vampire (D:8)
  7 yaks
  A wyvern (D:9)
  Edmund (D:5)
  An acid dragon (D:9)
  2 water moccasins
  2 orc warriors
  A black bear (D:5)
  An ice beast (D:8)
  An ogre (D:6)
  3 centaurs
  A phantom (D:6)
  2 kobold brigands (D:8)
  2 bullfrogs
  A necrophage (D:4)
  2 gnoll sergeants
  2 scorpions (D:5)
  9 wights
  10 killer bees
  2 electric eels (D:10)
  2 orc priests
  7 hounds
  9 orc wizards
  3 adders
  16 gnolls
  A shadow imp (D:6)
  A white imp (D:6)
  2 worms (D:2)
  2 dart slugs
  24 orcs
  2 bats
  7 endoplasms
  4 giant cockroaches
  4 goblins
  8 hobgoblins
  9 jackals
  5 quokkas
  5 ball pythons
  12 kobolds
  6 rats
189 creatures vanquished.

Vanquished Creatures (collateral kills)
  A yak (D:4)
  A gnoll (D:4)
  A ball python (D:1)
  A rat (D:1)
4 creatures vanquished.

Vanquished Creatures (others)
  3 yaks (D:4)
  2 jackals (D:1)
  2 fungi (D:5)
7 creatures vanquished.

Grand Total: 200 creatures vanquished

Notes
Turn   | Place    | Note
-------+----------+-------------------------------------------
     0 | D:1      | edsrzf the Hill Orc Artificer began the quest for the Orb.
     0 | D:1      | Reached XP level 1. HP: 16/16 MP: 1/1
    76 | D:1      | Identified a potion of lignification
    84 | D:1      | Reached skill level 2 in Fighting
    85 | D:1      | Reached XP level 2. HP: 9/25 MP: 2/2
   677 | D:1      | Reached skill level 3 in Fighting
   971 | D:1      | Reached XP level 3. HP: 27/31 MP: 3/3
  1087 | D:2      | Found a faded altar of an unknown god.
  1543 | D:2      | Reached skill level 4 in Fighting
  1944 | D:2      | Found Xopulin's Jewellery Boutique.
  1950 | D:2      | Found Piekhlu Peda's Weapon Emporium.
  2141 | D:2      | Reached XP level 4. HP: 39/41 MP: 4/4
  2239 | D:2      | Found Xuqedgh's Antique Weapon Shoppe.
  2367 | D:2      | Found Bing's Jewellery Emporium.
  2703 | D:3      | Reached skill level 2 in Axes
  2913 | D:3      | Found Saethrya's Jewellery Shop.
  2948 | D:3      | Found a stormy altar of Qazlal.
  3173 | D:3      | Reached skill level 3 in Axes
  3566 | D:4      | Found a runed translucent gate.
  3567 | D:4      | Found a runed translucent gate.
  3567 | D:4      | Identified the +6 chain mail of the Evil One {rF+ rN+ Will-
                  | Str+2}
  3567 | D:4      | Noticed fred326117's ghost (amateur DrFi)
  3621 | D:4      | Found a runed translucent gate.
  3693 | D:4      | Found a broken altar of Ashenzari.
  3720 | D:4      | Reached XP level 5. HP: 22/47 MP: 5/5
  3986 | D:4      | Reached skill level 5 in Axes
  4440 | D:4      | Reached XP level 6. HP: 50/53 MP: 6/6
  4480 | D:4      | Noticed a yak
  4480 | D:4      | Noticed a yak
  4480 | D:4      | Noticed a yak
  4481 | D:4      | Noticed a yak
  4482 | D:4      | Noticed a yak
  4483 | D:4      | Noticed a yak
  4487 | D:4      | Identified 7 scrolls of identify
  4487 | D:4      | Identified 2 potions of curing
  4489 | D:4      | Reached skill level 6 in Axes
  5045 | D:4      | Killed a yak
  5046 | D:4      | Reached skill level 7 in Axes
  5046 | D:4      | Reached XP level 7. HP: 56/60 MP: 7/7
  5050 | D:4      | Killed a yak
  5051 | D:4      | Reached skill level 8 in Axes
  5061 | D:4      | Killed a yak
  5062 | D:4      | Reached skill level 9 in Axes
  5187 | D:4      | Found a roughly hewn altar of Beogh.
  5224 | D:5      | Entered Level 5 of the Dungeon
  5249 | D:5      | Reached skill level 10 in Axes
  5366 | D:5      | Reached XP level 8. HP: 67/67 MP: 8/8
  5415 | D:5      | Identified a potion of degeneration
  5416 | D:5      | Identified a potion of might
  5417 | D:5      | Identified a potion of flight
  5418 | D:5      | Identified a potion of magic
  5419 | D:5      | Identified a potion of resistance
  5420 | D:5      | Identified 2 potions of heal wounds
  5421 | D:5      | Identified 2 potions of cancellation
  5920 | D:5      | Noticed Eustachio
  5978 | D:5      | Found a white marble altar of Elyvilon.
  5978 | D:5      | Found a shadowy altar of Dithmenos.
  5984 | D:5      | Found a shimmering blue altar of Sif Muna.
  5986 | D:5      | Found a snail-covered altar of Cheibriados.
  5987 | D:5      | Found a shimmering altar of Xom.
  6013 | D:5      | Reached skill level 11 in Axes
  6046 | D:5      | Found an iron altar of Okawaru.
  6072 | D:5      | Noticed Edmund
  6087 | D:5      | Killed Edmund
  6108 | D:5      | Became a worshipper of Warmaster Okawaru
  6231 | D:5      | Found a blossoming altar of Fedhas.
  6383 | D:6      | Reached skill level 12 in Axes
  6616 | D:6      | Found a bloodstained altar of Trog.
  6908 | D:6      | Found a runed translucent gate.
  6908 | D:6      | Found a runed translucent gate.
  6908 | D:6      | Found a runed translucent gate.
  6911 | D:6      | Noticed saneFuiy's ghost (amateur FoAK)
  6911 | D:6      | Noticed Haron's ghost (novice OgNe)
  7126 | D:7      | Noticed a hornet
  7127 | D:7      | Paralysed by a hornet for 1 turns
  7129 | D:7      | Identified 2 scrolls of summoning
  7130 | D:7      | Identified 2 scrolls of blinking
  7282 | D:7      | Reached skill level 3 in Armour
  7366 | D:7      | Reached * piety under Okawaru
  7504 | D:7      | Identified the +6 hand axe of Honour {spect, *Rage rElec
                  | Will+ Str+4}
  7527 | D:7      | Reached skill level 4 in Armour
  7527 | D:7      | Reached XP level 9. HP: 71/72 MP: 9/9
  7609 | D:8      | Reached skill level 13 in Axes
  7634 | D:8      | Identified the +1 robe of the Camelopard {Harm}
  7693 | D:8      | Noticed Maggie
  7716 | D:8      | Killed Maggie
  7717 | D:8      | Reached skill level 5 in Armour
  8233 | D:8      | Noticed Erica
  8251 | D:9      | Reached ** piety under Okawaru
  8272 | D:9      | Reached skill level 6 in Armour
  8462 | D:9      | Reached skill level 1 in Invocations
  8482 | D:9      | Noticed Erolcha
  8490 | D:8      | Reached skill level 2 in Invocations
  8759 | D:8      | Reached skill level 3 in Invocations
  8890 | D:8      | Reached skill level 4 in Invocations
  8914 | D:8      | Killed Erica
  8914 | D:8      | Reached *** piety under Okawaru
  8915 | D:8      | Reached skill level 14 in Axes
  8915 | D:8      | Reached skill level 7 in Armour
  8915 | D:8      | Reached XP level 10. HP: 74/80 MP: 11/13
  8925 | D:8      | Identified a potion of attraction
  8926 | D:8      | Identified a potion of mutation
  9375 | D:8      | Identified 3 scrolls of amnesia
  9377 | D:8      | Identified 3 scrolls of vulnerability
  9378 | D:8      | Identified 2 scrolls of noise
  9379 | D:8      | Identified 2 scrolls of teleportation
  9807 | D:8      | Noticed Joseph
  9816 | D:8      | Reached skill level 8 in Armour
  9817 | D:8      | Reached skill level 15 in Axes
  9824 | D:8      | Killed Joseph
  9829 | D:8      | Reached **** piety under Okawaru
 10147 | D:9      | Noticed a two-headed ogre
 10263 | D:9      | Found an ornate altar of the Wu Jian Council.
 10663 | D:10     | Entered Level 10 of the Dungeon
 10760 | D:10     | Reached skill level 9 in Armour
 11247 | D:10     | Found a staircase to the Lair.
 11267 | D:10     | Noticed a skeletal warrior
 11279 | D:10     | Killed a skeletal warrior
 11279 | D:10     | Reached ***** piety under Okawaru
 11280 | D:10     | Reached skill level 16 in Axes
 11286 | D:10     | Noticed a two-headed ogre
 11286 | D:10     | Noticed an orc knight
 11307 | D:10     | Reached XP level 11. HP: 24/85 MP: 14/14
 11621 | D:10     | Killed a two-headed ogre
 11622 | D:10     | Reached skill level 10 in Armour
 11678 | D:10     | Noticed a skeletal warrior
 11678 | D:10     | Noticed a cyclops
 11679 | D:10     | Noticed an ogre mage
 11682 | D:10     | Identified the +1 cloak of the Quahog {+Blink rN+ Int-4}
                  | (Okawaru gifted it to you on level 10 of the Dungeon)
 11682 | D:10     | Received a gift from Okawaru
 11734 | D:10     | Identified 2 scrolls of fear
 11750 | D:10     | Noticed a two-headed ogre
 11751 | D:10     | HP: 3/85 [vampire mosquito (5)]
 11751 | D:10     | Asphyxiated

Illustrated notes

Levels and vault maps discovered:
D:1:      reono_arrival_mine, layout_rooms, minmay_hexomino_f4
D:2:      layout_basic, ebering_ecumenical_altar_rust, serial_shops,
          nicolae_shop_crystal, shop, shop, nicolae_shop_behind_doors
D:3:      layout_basic, grunt_qazlal_sundering, serial_shops,
          nicolae_square_shop, hex_medium
D:4:      layout_loops_corners, mainiacjoe_overflow_six_doors_small,
          biasface_ghost_orc_armoury
D:5:      layout_rooms, chequers_temple_overflow_minitemple,
          mainiacjoe_overflow_24_doors, mainiacjoe_overflow_catwalk,
          small_statue_intersection, dreamdust_gnoll_farm, uniq_edmund,
          uniq_eustachio
D:6:      layout_rooms, mainiacjoe_overflow_tiny_flanked,
          gammafunk_ghost_cemetery
D:7:      layout_cave_pods, minmay_temple_entry_fiery,
          nicolae_concentric_dashed_squares_mild, kennysheep_generic_room_9
D:8:      minmay_cornered_nines, layout_loops_cross, minmay_misc_feat_diagonals,
          uniq_maggie, uniq_joseph, uniq_erica
D:9:      layout_cross, pdpol_wu_jian_five_deadly_venoms, uniq_erolcha
D:10:     layout_roguey, erik_lair_island, david_orc_5, minmay_pinched_square

Skill      XL: |  1  2  3  4  5  6  7  8  9 10 11 |
---------------+----------------------------------+-----
Fighting       | 2 3 4 |  4.5
Axes           | 3 5 7 10 12 14 16 | 16.8
Armour         | 4 7 9 10 | 10.6
Invocations    | 4 |  4.1
Dodging        | |  0.7
Stealth        | |  0.7
Evocations     | |  3.0

Action                   |  1- 3 |  4- 6 |  7- 9 | 10-12 || total
-------------------------+-------+-------+-------+-------++-------
Melee: Club              |    66 |       |       |       ||    66
       Punch             |     3 |       |     5 |     1 ||     9
       Scimitar          |    84 |       |       |       ||    84
       Hand axe          |       |    86 |   277 |   169 ||   532
       Battleaxe         |       |       |       |    60 ||    60
Throw: Dart              |       |       |     6 |     7 ||    13
       Throwing net      |       |       |       |     2 ||     2
Invok: Heroism           |       |       |     1 |     3 ||     4
Evoke: Wand              |     6 |     6 |     3 |    14 ||    29
  Use: Potion            |     1 |       |     2 |       ||     3
       Scroll            |       |     1 |     9 |    11 ||    21
 Stab: Sleeping          |     1 |     1 |       |       ||     2
Armor: Skin              |     9 |       |       |       ||     9
       Leather armour    |    43 |     9 |       |       ||    52
       Plate armour      |       |     3 |   153 |    93 ||   249
Dodge: Dodged            |    90 |    34 |    65 |    56 ||   245

Table legend: (Time is in decaauts)
 A = Elapsed time spent in this place.
 B = Non-inter-level travel time spent in this place.
 C = Inter-level travel time spent in this place.
 D = Time resting spent in this place.
 E = Time spent auto-exploring this place.
 F = Levels seen in this place.
 G = Mean time per level.
                   A        B        C        D        E       F      G
               +--------+--------+--------+--------+--------+-----+--------+
         Total |  11657 |  11213 |    444 |   4130 |   4821 |  10 | 1165.7 |
       Dungeon |  11657 |  11213 |    444 |   4130 |   4821 |  10 | 1165.7 |
               +--------+--------+--------+--------+--------+-----+--------+

Top non-repeatable levels by time:
     D:8: 2335 daAuts
     D:2: 1584 daAuts
     D:4: 1407 daAuts
     D:1: 1152 daAuts
     D:3: 1146 daAuts
     D:5: 1131 daAuts
    D:10: 1041 daAuts
     D:6: 794 daAuts
     D:9: 665 daAuts
     D:7: 399 daAuts
